 Dungeon Crawl Stone Soup version 0.27-a0-633-gc6addc0a40 (webtiles) character file.

Game seed: 18297653031685288307

53127 Cancer the Eclecticist (level 14, 0/68 HPs)
             Began as a Deep Elf Conjurer on Mar 14, 2021.
             Was an Elder of Sif Muna.
             Slain by a rockslime (31 damage)
             ... on level 6 of the Lair of Beasts.
             The game lasted 02:05:41 (25762 turns).

Cancer the Eclecticist (Deep Elf Conjurer)         Turns: 25762, Time: 02:05:43

Health: 0/68       AC: 18    Str:  4    XL:     14   Next: 29%
Magic:  13/35      EV: 14    Int: 29    God:    Sif Muna [****..]
Gold:   1121       SH:  6    Dex: 19    Spells: 36/50 levels left

rFire    + . .     SeeInvis .   E - +8 lance "Wyrmbane" {slay drac, rPois rF+ rC+ AC+3}
rCold    + . .     Faith    .   J - +0 buckler
rNeg     . . .     Spirit   .   L - +0 troll leather armour
rPois    +         Reflect  .   t - +0 helmet
rElec    .         Harm     .   p - +0 cloak
rCorr    .         Rampage  .   n - +0 pair of gloves
Will     +....                  r - +0 pair of boots
Stlth    +++.......             T - amulet of regeneration
HPRegen  2.21/turn              m - +6 ring of dexterity
MPRegen  0.24/turn              k - +4 ring of protection

@: about to teleport
A: molten scales 1, blink, frail 1, low mp 1, sense surroundings 1
a: Blink, Renounce Religion, Channel Magic, Forget Spell, Divine Exegesis


You were on level 6 of the Lair of Beasts.
You worshipped Sif Muna.
Sif Muna was greatly pleased with you.
You visited 3 branches of the dungeon, and saw 18 of its levels.

You collected 1121 gold pieces.

Inventory:

Hand Weapons
 E - the +8 lance "Wyrmbane" (weapon) {slay drac, rPois rF+ rC+ AC+3}
   (You found it on level 5 of the Dungeon)

   It affects your AC (+3).
   It protects you from fire.
   It protects you from cold.
   It protects you from poison.
Armour
 a - the +4 ring mail of Vodais {*Drain +Fly rElec Stlth+}
   (You found it on level 1 of the Lair of Beasts)

   It insulates you from electricity.
   It lets you fly.
   It causes draining when unequipped.
   It makes you more stealthy.
 l - the +5 ring mail "Ejonot" {Rampage +Inv Str-5}
   (You found it on level 1 of the Lair of Beasts)

   It affects your strength (-5).
   It lets you turn invisible.
   It bestows one free step when moving towards enemies.
 n - a +0 pair of gloves (worn)
 p - a +0 cloak (worn)
 r - a +0 pair of boots (worn)
 t - a +0 helmet (worn)
 J - a +0 buckler (worn)
 L - a +0 troll leather armour (worn)
 N - the +3 hat of Pondering {ponderous, Will+ MP+10 Int+5}
   (You took it off Gastronok on level 10 of the Dungeon)

   It affects your intelligence (+5).
   It affects your willpower, your defense against some magical effects.
   It affects your magic capacity (+10).
 U - the +6 scale mail of Hopscotch {-Cast Will+ Str+4 Stlth+}
   (You found it on level 5 of the Lair of Beasts)

   It affects your strength (+4).
   It affects your willpower, your defense against some magical effects.
   It prevents spellcasting.
   It makes you more stealthy.
Magical Staves
 B - a staff of death
 Q - a staff of cold
Jewellery
 e - an amulet of the acrobat
 j - a ring of protection from cold
 k - a +4 ring of protection (left hand)
 m - a +6 ring of dexterity (right hand)
 q - a ring of poison resistance
 T - an amulet of regeneration (around neck)
Wands
 b - a wand of iceblast (19)
 o - a wand of polymorph (18)
 v - a wand of random effects (48)
 D - a wand of acid (16)
 H - a wand of flame (41)
 M - a wand of paralysis (13)
Scrolls
 d - 5 scrolls of identify
 f - 8 scrolls of enchant weapon
 h - 13 scrolls of teleportation
 i - 5 scrolls of blinking
 y - 2 scrolls of enchant armour
 C - 3 scrolls of magic mapping
 G - a scroll of fear
 I - a scroll of immolation
 K - a scroll of holy word
 O - 3 scrolls of fog
 P - 4 scrolls of amnesia
 S - a scroll of vulnerability
Potions
 c - 2 potions of magic
 g - 8 potions of curing
 s - 3 potions of haste
 u - 4 potions of lignification
 w - 2 potions of flight
 x - a potion of ambrosia
 z - a potion of attraction
 A - 2 potions of berserk rage
 F - a potion of resistance
 R - a potion of brilliance
 V - a potion of cancellation {unknown}


   Skills:
 - Level 4.0 Fighting
 - Level 4.0 Armour
 - Level 6.0 Dodging
 - Level 6.0 Stealth
 - Level 4.0 Shields
 + Level 18.9 Spellcasting
 + Level 16.5 Conjurations
 - Level 6.0 Hexes
 - Level 4.0 Translocations
 + Level 3.6 Invocations


You had 36 spell levels left.
You knew the following spells:

 Your Spells              Type           Power      Damage    Failure   Level
a - Magic Dart            Conj           100%       1d8       0%          1
b - Searing Ray           Conj           100%       3d7       0%          2
c - Dazzling Flash        Conj/Hex       100%       N/A       1%          3
d - Fulminant Prism       Conj/Hex       37%        3d18      1%          4
e - Iskenderun's Mystic   Conj/Tloc      72%        2d15      1%          4

Your spell library contained the following spells:

 Spells                   Type           Power      Damage    Failure   Level
 Apportation              Tloc           100%       N/A       1%          1
 Corona                   Hex            64%        N/A       1%          1
 Shock                    Conj/Air       100%       1d9       1%          1
 Confusing Touch          Hex            58%        N/A       1%          3
 Gell's Gravitas          Tloc           25%        N/A       1%          3
 Static Discharge         Conj/Air       66%        N/A       1%          3
 Animate Skeleton         Necr           54%        N/A       2%          1
 Summon Small Mammal      Summ           100%       N/A       2%          1
 Lightning Bolt           Conj/Air       33%        1d50      2%          5
 Corpse Rot               Necr/Air       N/A        N/A       3%          2
 Sublimation of Blood     Necr           13%        N/A       3%          2
 Swiftness                Air            27%        N/A       3%          2
 Metabolic Englaciation   Hex/Ice        22%        N/A       21%         5
 Yara's Violent Unravell  Hex/Tmut       22%        3d10      21%         5
 Airstrike                Air            13%        N/A       26%         4
 Dispel Undead            Necr           27%        3d13      26%         4
 Petrify                  Tmut/Erth      27%        N/A       26%         4
 Agony                    Necr           27%        N/A       56%         5
 Excruciating Wounds      Necr           13%        N/A       56%         5


Dungeon Overview and Level Annotations

Branches:
Dungeon (11/15)            Temple (1/1) D:4            Lair (6/6) D:11
 Shoals (0/4) Lair:2        Snake (0/4) Lair:4        Slime (0/5) Lair:6
    Orc (0/2) D:9

Altars:
Ashenzari
Cheibriados
Dithmenos
Elyvilon
Fedhas
Gozag
Hepliaklqana
Kikubaaqudgha
Makhleb
Nemelex Xobeh
Okawaru
Qazlal
Ru
Sif Muna
Trog
Uskayaw
Vehumet
Wu Jian
Xom
Yredelemnul
Zin
The Shining One
Jiyva

Shops:
D:4 *   D:6 :   D:7 :

Annotations:
D:11 stash


Innate Abilities, Weirdness & Mutations

You are partially covered in molten scales. (AC +2)
You can translocate small distances at will.
You are frail. (-10% HP)
Your magical capacity is low. (-10% MP)
You passively map a small area around you.


Message History

Confirm with . or Enter, or press ? or * to list all spells.
Aiming: Fulminant Prism (safe; 1% risk of failure)
Press: ? - help, Dir - move target You conjure a prism of explosive energy!
A fulminant prism comes into view.
Your fulminant prism crackles loudly.
Your fulminant prism explodes!
The blast of energy engulfs the rockslime!
The rockslime is lightly wounded.
You hear an angry growl.
Casting: Fulminant Prism (safe; 1% risk of failure)
Confirm with . or Enter, or press ? or * to list all spells.
Aiming: Fulminant Prism (safe; 1% risk of failure)
Press: ? - help, Dir - move target You conjure a prism of explosive energy!
A fulminant prism comes into view.
The rockslime hits you!!
You stumble backwards!
Your fulminant prism crackles loudly.
Casting: Fulminant Prism (safe; 1% risk of failure)
Confirm with . or Enter, or press ? or * to list all spells.
You erupt in a blast of force!
The mystic blast hits the rockslime but does no damage.
The rockslime is lightly wounded.
The rockslime hits you!!
You stumble backwards!
Your fulminant prism explodes!
As you read the scroll of teleportation, it crumbles to dust.
You feel strangely unstable. The rockslime misses you.
Casting: Iskenderun's Mystic Blast (safe; 1% risk of failure)
Confirm with . or Enter, or press ? or * to list all spells.
You erupt in a blast of force!
The mystic blast hits the rockslime but does no damage.
The rockslime is lightly wounded.
The rockslime hits you but does no damage.
Casting: Iskenderun's Mystic Blast (safe; 1% risk of failure)
Confirm with . or Enter, or press ? or * to list all spells.
You erupt in a blast of force!
The mystic blast hits the rockslime but does no damage.
The rockslime is lightly wounded.
The rockslime hits you!!
You die...

####...#.#.........#
#.........
#.#†.........###...###
#........#
##.†.........#.#...#.#
##.......#
#.#...........#......#
##.......
###........†#####..#.##
#.#.....#
##........#####.#..#.#
##...†..# #.........#
#........# ##.....#
##....#..## #.......##
#....... #P..P..##
#..@.....## #.#....#
##..P..# ##..J.....#
###..... #.....#
#.......#.# #.P..P
#.#..## ##........##
#..... ##..##
#.........## ##....
##...# ###.###....#
#..... ##..#.# ######
####.######....
#....######...####
#...#.##..... ##.P##
#.##....#.####...##.#....


You could see a rockslime.

Vanquished Creatures
  Gastronok (D:10)
  2 azure jellies (Lair:6)
  Harold (D:10)
  3 hydras
  A boulder beetle (Lair:2)
  5 death yaks
  2 two-headed ogres
  3 skeletal warriors (D:11)
  An unseen horror (D:10)
  3 oklob plants (Lair:5)
  An ugly thing (D:11)
  The ghost of pigah the Magician, a novice OpWn of Nemelex Xobeh (D:5)
  Maurice (D:9)
  3 elephants
  3 merfolk sirens (Lair:2)
  Joseph (D:8)
  5 torpor snails
  4 black mambas
  9 cane toads
  A centaur skeleton (D:11)
  A gargoyle (D:11)
  5 rime drakes
  13 komodo dragons
  8 polar bears
  3 trolls
  2 hornets (Lair:6)
  Prince Ribbit (D:7)
  6 blink frogs
  A slime creature (D:9)
  2 shadows (D:9)
  3 spriggans (Lair:6)
  48 yaks
  Grum (D:8)
  4 basilisks
  4 wyverns
  A naga (Lair:4)
  6 water moccasins
  3 ice beasts
  3 orc warriors (D:7)
  2 black bears
  6 sky beasts
  4 necrophages (D:8)
  6 ogres
  A boggart (Lair:6)
  22 wolves
  6 centaurs
  3 phantoms
  3 kobold brigands
  15 bullfrogs
  Blork the orc (D:5)
  6 scorpions
  9 killer bees
  4 troll zombies (D:9)
  5 wights (D:7)
  An electric eel (Lair:1)
  3 howler monkeys (D:6)
  4 quasits (D:5)
  A centaur zombie (D:5)
  A bullfrog zombie (D:8)
  14 jellies
  12 orc priests
  11 hounds
  A bullfrog skeleton (D:5)
  5 iguanas
  Ijyb (D:3)
  15 orc wizards
  7 worker ants
  Natasha (thrice) (D:3)
  8 hell rats (Lair:1)
  A killer bee zombie (D:8)
  4 ogre zombies (D:9)
  2 hound skeletons
  A worker ant zombie (D:8)
  A howler monkey zombie (D:9)
  5 gnolls (D:7)
  22 adders
  2 river rats (Lair:1)
  3 shadow imps
  A white imp (D:5)
  24 oozes
  An ufetubus (D:5)
  An adder zombie (D:7)
  2 adder skeletons
  4 worms
  2 dart slugs
  5 leopard geckos
  49 orcs
  7 giant cockroaches
  5 goblins
  9 hobgoblins
  20 jackals
  18 kobolds
  7 quokkas
  5 bats
  3 frilled lizards
  2 goblin skeletons (D:9)
  4 goblin zombies (D:9)
  A hobgoblin skeleton (D:9)
  4 hobgoblin zombies (D:9)
  A jackal skeleton (D:8)
  A leopard gecko skeleton (D:6)
  3 orc skeletons (D:9)
  11 orc zombies (D:9)
  2 quokka skeletons
  11 rats
  A bush (D:8)
591 creatures vanquished.

Vanquished Creatures (others)
  102 fulminant prisms
  65 fungi
  95 plants
262 creatures vanquished.

Grand Total: 853 creatures vanquished

Notes
Turn   | Place    | Note
-------+----------+-------------------------------------------
     0 | D:1      | Cancer the Deep Elf Conjurer began the quest for the Orb.
     0 | D:1      | Reached XP level 1. HP: 10/10 MP: 6/6
     1 | D:1      | Found a runed translucent door.
   911 | D:2      | Reached XP level 2. HP: 13/15 MP: 3/8
   934 | D:1      | Learned a level 2 spell: Searing Ray
  1242 | D:2      | Reached skill level 4 in Spellcasting
  1287 | D:2      | Reached XP level 3. HP: 19/19 MP: 7/10
  1291 | D:2      | Learned a level 3 spell: Dazzling Flash
  1313 | D:2      | Reached skill level 5 in Conjurations
  1817 | D:2      | Found a faded altar of an unknown god.
  1894 | D:2      | Reached XP level 4. HP: 22/24 MP: 8/12
  1982 | D:2      | Reached skill level 5 in Spellcasting
  2395 | D:1      | Learned a level 4 spell: Fulminant Prism
  2469 | D:1      | Reached XP level 5. HP: 28/28 MP: 4/14
  2517 | D:1      | Learned a level 4 spell: Iskenderun's Mystic Blast
  2832 | D:3      | Noticed Natasha
  2835 | D:3      | Killed Natasha
  3045 | D:3      | Reached skill level 6 in Spellcasting
  3190 | D:3      | Reached XP level 6. HP: 32/32 MP: 14/17
  3287 | D:3      | Noticed Ijyb
  3300 | D:3      | Killed Ijyb
  3995 | D:3      | Noticed Natasha
  4000 | D:3      | Killed Natasha
  4001 | D:3      | Reached skill level 7 in Spellcasting
  4621 | D:3      | Noticed Natasha
  4625 | D:3      | Killed Natasha
  4705 | D:4      | Found a stormy altar of Qazlal.
  4716 | D:4      | Reached XP level 7. HP: 36/36 MP: 13/19
  4907 | D:4      | Found Zin's Purification Station.
  4912 | D:4      | Found a glowing silver altar of Zin.
  5041 | D:4      | Reached skill level 8 in Spellcasting
  5112 | D:4      | Found a staircase to the Ecumenical Temple.
  5122 | Temple   | Entered the Ecumenical Temple
  5357 | D:5      | Entered Level 5 of the Dungeon
  5605 | D:5      | Reached XP level 8. HP: 41/41 MP: 6/22
  5724 | D:5      | Reached skill level 1 in Armour
  5805 | D:5      | Reached skill level 9 in Spellcasting
  5943 | D:5      | Found a transporter.
  5956 | D:5      | Noticed pigah's ghost (novice OpWn)
  6026 | D:5      | Found the +8 lance "Wyrmbane" {slay drac, rPois rF+ rC+
                  | AC+3}
  6232 | D:5      | Noticed Blork the orc
  6238 | D:5      | Killed Blork the orc
  6596 | D:5      | Found a transporter.
  6740 | D:6      | Found a radiant altar of Vehumet.
  6838 | D:6      | Reached skill level 10 in Spellcasting
  7298 | D:6      | Reached XP level 9. HP: 38/45 MP: 15/25
  7356 | D:6      | Found Wohigh's Book Boutique.
  7513 | D:6      | Noticed a troll
  7521 | D:6      | Killed a troll
  8205 | D:6      | Found a bloodstained altar of Trog.
  8314 | D:7      | Reached skill level 10 in Conjurations
  8318 | D:7      | Reached skill level 11 in Spellcasting
  8745 | D:7      | Noticed Prince Ribbit
  8761 | D:7      | Killed Prince Ribbit
  8762 | D:7      | Reached skill level 12 in Spellcasting
  9027 | D:7      | Reached XP level 10. HP: 50/50 MP: 23/28
  9116 | D:7      | Found Yqaf's Book Shop.
  9497 | D:7      | Found an iron altar of Okawaru.
  9608 | D:8      | Found a snail-covered altar of Cheibriados.
  9674 | D:8      | Reached skill level 1 in Fighting
 10225 | D:8      | Reached skill level 13 in Spellcasting
 10251 | D:8      | Found a blossoming altar of Fedhas.
 10282 | D:8      | Noticed Grum
 10295 | D:8      | Killed Grum
 10667 | D:8      | Found a shimmering blue altar of Sif Muna.
 11017 | D:8      | Noticed Joseph
 11298 | D:9      | Found a staircase to the Orcish Mines.
 11804 | D:9      | Noticed Maurice
 12490 | D:9      | Reached XP level 11. HP: 61/61 MP: 25/30
 12566 | D:9      | You fall into a shaft and drop 1 floor!
 12566 | D:10     | Entered Level 10 of the Dungeon
 12569 | D:10     | Reached skill level 1 in Hexes
 12621 | D:10     | Noticed Gastronok
 12625 | D:9      | Noticed a two-headed ogre
 12633 | D:9      | Killed a two-headed ogre
 12634 | D:9      | Reached skill level 1 in Shields
 12644 | D:9      | Reached skill level 14 in Spellcasting
 14025 | D:3      | Gained mutation: You are partially covered in molten
                  | scales. (AC +2) [potion of mutation]
 14025 | D:3      | Gained mutation: You occasionally shout uncontrollably at
                  | your foes. [potion of mutation]
 14025 | D:3      | Gained mutation: You are frail. (-10% HP) [potion of
                  | mutation]
 14025 | D:3      | Gained mutation: You are strong-willed. (Will+) [potion of
                  | mutation]
 14224 | D:5      | Killed pigah's ghost
 14476 | D:8      | Became a worshipper of Sif Muna the Loreminder
 14576 | D:8      | Killed Joseph
 14709 | D:9      | Killed Maurice
 14824 | D:10     | Killed Gastronok
 15128 | D:10     | Killed an unseen horror
 15273 | D:10     | Noticed Harold
 15279 | D:10     | Reached skill level 15 in Spellcasting
 15289 | D:10     | Killed Harold
 15585 | D:11     | Noticed a skeletal warrior
 15623 | D:11     | Noticed a purple ugly thing
 15628 | D:11     | Killed a purple ugly thing
 15628 | D:11     | Reached * piety under Sif Muna
 15629 | D:11     | Reached XP level 12. HP: 59/59 MP: 18/33
 15756 | D:11     | Noticed a two-headed ogre
 15763 | D:11     | Killed a two-headed ogre
 15790 | D:11     | Reached skill level 1 in Translocations
 16103 | D:11     | Found a staircase to the Lair.
 16548 | Lair:1   | Entered Level 1 of the Lair of Beasts
 16611 | Lair:1   | Noticed a six-headed hydra
 16618 | Lair:1   | Killed a six-headed hydra
 16619 | Lair:1   | Reached skill level 16 in Spellcasting
 16681 | Lair:1   | Reached ** piety under Sif Muna
 16902 | Lair:1   | Identified the +4 ring mail of Vodais {*Drain +Fly rElec
                  | Stlth+}
 17004 | Lair:1   | Identified the +5 ring mail "Ejonot" {Rampage +Inv Str-5}
 17881 | Lair:2   | Noticed a boulder beetle
 18535 | Lair:2   | Found a snail-covered altar of Cheibriados.
 18863 | Lair:2   | Killed a boulder beetle
 18864 | Lair:2   | Reached skill level 5 in Dodging
 19120 | Lair:2   | Found a staircase to the Shoals.
 19283 | Lair:3   | Lost mutation: You are strong-willed. (Will+) [potion of
                  | mutation]
 19283 | Lair:3   | Lost mutation: You occasionally shout uncontrollably at
                  | your foes. [potion of mutation]
 19283 | Lair:3   | Gained mutation: Your magical capacity is low. (-10% MP)
                  | [potion of mutation]
 19283 | Lair:3   | Gained mutation: You can translocate small distances at
                  | will. [potion of mutation]
 19283 | Lair:3   | Gained mutation: You passively map a small area around you.
                  | [potion of mutation]
 19408 | Lair:3   | Reached XP level 13. HP: 61/63 MP: 21/32
 20237 | Lair:3   | Reached skill level 17 in Spellcasting
 20242 | Lair:3   | Reached skill level 15 in Conjurations
 20763 | Lair:4   | Reached skill level 5 in Stealth
 20763 | Lair:4   | Reached *** piety under Sif Muna
 21742 | Lair:4   | Found a staircase to the Snake Pit.
 22213 | Lair:5   | Reached skill level 5 in Hexes
 22797 | Lair:5   | Reached skill level 18 in Spellcasting
 23341 | Lair:5   | Reached **** piety under Sif Muna
 23919 | Lair:5   | Reached XP level 14. HP: 68/68 MP: 19/34
 23941 | Lair:5   | Identified the +6 scale mail of Hopscotch {-Cast Will+
                  | Str+4 Stlth+}
 24030 | Lair:6   | Entered Level 6 of the Lair of Beasts
 24570 | Lair:6   | Reached skill level 1 in Invocations
 24803 | Lair:6   | Found a staircase to the Slime Pits.
 24804 | Lair:6   | Found a viscous altar of Jiyva.
 25262 | Lair:6   | Noticed an azure jelly
 25262 | Lair:6   | Noticed a rockslime
 25299 | Lair:6   | Killed an azure jelly
 25476 | Lair:6   | Noticed an azure jelly
 25498 | Lair:6   | Killed an azure jelly
 25762 | Lair:6   | Slain by a rockslime

Illustrated notes

Levels and vault maps discovered:
D:1:      dpeg_arrival_caged_fury, layout_basic, minmay_tree_intersection,
          moated_statue
D:2:      layout_loops_ring, chequers_ecumenical_altar_island,
          minmay_tetromino_o2
D:3:      layout_loops_corners, serial_rivers, chequers_serial_rivers_micro_c,
          chequers_serial_rivers_small_a, chequers_serial_rivers_room_a,
          chequers_serial_rivers_micro_e, kennysheep_flooded_box,
          grunt_decor_clamped, uniq_ijyb, uniq_natasha
D:4:      layout_rooms, zin_purify, minmay_temple_entry_grid,
          kennysheep_another_room, grunt_qazlal_sundering
D:5:      cheibrodos_fzero, layout_gridville, gammafunk_ghost_stat_death,
          uniq_blork_the_orc
D:6:      layout_loops_ring, overflow_temple_1_default, lightli_temple_of_fire,
          serial_shops, shop
D:7:      layout_basic, okawaru_altar_gauntlet_db, serial_shops,
          nicolae_shop_window_shopping, uniq_prince_ribbit1
D:8:      layout_layer_cave, fedhas_altar_decomposition, lemuel_round_altar,
          nicolae_overflow_hidden_temple, uniq_grum, uniq_joseph
D:9:      lemuel_slime, layout_long_grid, zombieorc2_lemuel, serial_glass,
          glass_columns_b, glass_columns_a, uniq_maurice
D:10:     layout_basic, uniq_gastronok, uniq_harold
D:11:     layout_rooms, david_lair_shrubbed
Temple:   minmay_freezing_vapour_temple
Lair:1:   layout_cave_pods, kennysheep_abandoned_house,
          infiniplex_staircase_pool
Lair:2:   layout_misc_corridors, elwin_shoals_entry_stream,
          kennysheep_snail_temple, grunt_megastairs_4, lemuel_fruit_tree
Lair:3:   layout_concentric_octagons
Lair:4:   layout_gridlike, guppyfry_snake_entry_island, beast_lair_carwin_7,
          serial_bayou_shore_b
Lair:5:   layout_regular_city, fungi_pond_lemuel, kennysheep_basilisk_garden,
          grunt_megastairs_5, minmay_lair_oklob_chamber
Lair:6:   minmay_lair_end_enchanted_forest, layout_cave_pods, slime_altar_1,
          special_room [special_room_jelly], columned_hall_lemuel

Skill      XL: |  1  2  3  4  5  6  7  8  9 10 11 12 13 14 |
---------------+-------------------------------------------+-----
Spellcasting   | 4 5 6 7 8 10 12 13 15 16 18 | 18.9
Conjurations   | 5 6 7 8 9 11 12 13 14 16 | 16.5
Stealth        | 3 6 |  6.0
Dodging        | 3 6 |  6.0
Armour         | 3 4 |  4.0
Fighting       | 4 |  4.0
Hexes          | 3 4 6 |  6.0
Shields        | 4 |  4.0
Translocations | 4 |  4.0
Invocations    | 3 |  3.6

Action                   |  1- 3 |  4- 6 |  7- 9 | 10-12 | 13-15 || total
-------------------------+-------+-------+-------+-------+-------++-------
Melee: Unarmed           |       |    42 |       |       |       ||    42
       Flail             |       |       |     8 |       |       ||     8
       Lance             |       |       |    33 |   278 |   114 ||   425
 Cast: Magic Dart        |    52 |   120 |   323 |   417 |   153 ||  1065
       Searing Ray       |     1 |    11 |    14 |    84 |    85 ||   195
       Fulminant Prism   |       |       |     4 |    42 |    56 ||   102
       Iskenderun's Myst |       |       |     2 |    16 |    14 ||    32
 Abil: Blink             |       |       |       |       |     2 ||     2
  Use: Potion            |       |       |       |     8 |       ||     8
       Scroll            |       |       |       |    17 |     3 ||    20
 Stab: Sleeping          |       |       |     1 |     3 |     3 ||     7
       Distracted        |       |       |       |     1 |       ||     1
Armor: Robe              |     1 |    21 |    14 |       |       ||    36
       Leather armour    |       |       |    52 |    66 |       ||   118
       Troll leather arm |       |       |       |   101 |    96 ||   197
Dodge: Dodged            |     1 |    55 |   111 |   289 |   174 ||   630
Block: Buckler           |       |       |       |    60 |    78 ||   138

Table legend: (Time is in decaauts)
 A = Elapsed time spent in this place.
 B = Non-inter-level travel time spent in this place.
 C = Inter-level travel time spent in this place.
 D = Time resting spent in this place.
 E = Time spent auto-exploring this place.
 F = Levels seen in this place.
 G = Mean time per level.
                   A        B        C        D        E       F      G
               +--------+--------+--------+--------+--------+-----+--------+
         Total |  25892 |  24230 |   1662 |   3248 |  13981 |  18 | 1438.4 |
       Dungeon |  16558 |  15406 |   1152 |   1836 |  10115 |  11 | 1505.3 |
        Temple |     21 |     21 |      0 |      0 |      0 |   1 |   21.0 |
          Lair |   9312 |   8803 |    509 |   1412 |   3866 |   6 | 1552.0 |
               +--------+--------+--------+--------+--------+-----+--------+

Top non-repeatable levels by time:
     D:3: 2226 daAuts
     D:8: 2183 daAuts
  Lair:5: 1797 daAuts
     D:6: 1725 daAuts
     D:9: 1690 daAuts
  Lair:6: 1661 daAuts
    D:10: 1645 daAuts
  Lair:4: 1639 daAuts
     D:5: 1578 daAuts
  Lair:1: 1534 daAuts
  Lair:3: 1520 daAuts
     D:1: 1387 daAuts
     D:7: 1375 daAuts
     D:2: 1176 daAuts
  Lair:2: 1159 daAuts
